Map: Oxide LE

Players

soul

  • Race: Terran Terran
  • League: Grandmaster
  • Spawn Location: 1:00

Rail - Winner!

  • Race: Protoss Protoss
  • League: Master
  • Spawn Location: 7:00

Event: DreamHack SC2 Masters 2020 Winter

VOD

Have the link to the VOD?

Description

Time

  • Played on: Oct. 22, 2020, 1:01 p.m.
  • Length: 23:29

All games in this series

Show
View Real Time Build Order
Export as new Build Order

soul Terran 

Build Orders: Reaper Expand 

Get SALT Encoding   

  12  0:00  SCV  
  13  0:12  SCV  
  14  0:17  Supply Depot  
  14  0:24  SCV  
  15  0:38  SCV  
  15  0:39  Barracks  
  16  0:43  Refinery  
  16  0:50  SCV  
  17  1:02  SCV  
  18  1:15  SCV  
  19  1:26  Reaper  
  19  1:27  Orbital Command  
  20  1:40  Command Center  
  20  1:52  SCV  
  20  1:53  Supply Depot  
  21  1:58  Marine  
  22  2:05  Factory  
  22  2:08  SCV  
  23  2:13  Refinery  
  23  2:20  Bunker  
  23  2:22  SCV  
  24  2:24  Barracks Reactor  
  24  2:34  SCV  
  25  2:46  SCV  
  26  2:55  Hellion  
  26  2:56  Orbital Command, Starport  
  26  2:58  SCV  
  28  3:00  Marine  
  28  3:02  Marine  
  30  3:10  SCV  
  31  3:17  Factory Tech Lab  
  31  3:18  Marine  
  32  3:20  Marine  
  32  3:22  SCV x2  
  35  3:32  Viking  
  35  3:34  SCV x2  
  38  3:36  Cyclone  
  38  3:41  Supply Depot, Marine  
  42  3:42  Marine  
  42  3:47  SCV  
  45  3:51  SCV  
  45  3:54  Supply Depot  
  44  3:59  SCV  
  46  4:04  SCV  
  52  4:11  SCV  
  52  4:14  Supply Depot  
  52  4:16  SCV, Command Center  
  48  4:20  Cyclone  
  48  4:23  SCV  
  52  4:24  Marine  
  52  4:26  Marine  
  52  4:28  SCV  
  52  4:31  Viking  
  57  4:35  SCV  
  57  4:36  Supply Depot  
  58  4:40  SCV  
  58  4:42  Marine  
  58  4:44  Marine  
  61  4:47  SCV  
  61  4:49  Supply Depot  
  61  4:52  SCV, Siege Tank  
  66  4:59  SCV  
  67  5:01  Liberator  
  67  5:02  Barracks  
  70  5:08  SCV  
  70  5:10  Barracks  
  70  5:11  Refinery  
  70  5:12  Refinery  
  71  5:15  Supply Depot, Marine  
  71  5:19  SCV  
  73  5:27  SCV  
  74  5:31  SCV, Bunker  
  74  5:33  Engineering Bay  
  74  5:34  Engineering Bay, Orbital Command  
  75  5:39  SCV  
  75  5:42  Marine x2  
  77  5:43  SCV  
  77  5:50  Viking  
  77  5:51  Marine  
  79  5:57  SCV  
  79  5:58  Siege Tank  
  79  6:00  Marine x2  
  79  6:02  Terran Infantry Weapons Level 1, Barracks Tech Lab, Terran Infantry Armor Level 1  
  84  6:04  SCV  
  84  6:09  SCV  
  86  6:16  SCV  
  86  6:18  Marine  
  83  6:19  Orbital Command, Marine  
  83  6:21  SCV  
  83  6:22  Stimpack  
  83  6:23  Barracks Tech Lab  
  86  6:27  Marauder  
  86  6:29  SCV, Barracks  
  86  6:30  Barracks, Siege Tank  
  92  6:34  SCV  
  92  6:36  Marine  
  92  6:37  Marine  
  95  6:41  SCV  
  95  6:44  Combat Shield  
  95  6:45  Starport Reactor  
  95  6:46  SCV x2  
  98  6:48  Marauder  
  98  6:53  SCV  
  101  6:54  Missile Turret  
  101  6:57  Bunker x2  
  101  6:58  SCV  
  101  7:00  SCV  
  100  7:01  Supply Depot  
  100  7:02  Supply Depot  
  100  7:03  Siege Tank  
  100  7:05  SCV  
  100  7:07  Supply Depot  
  104  7:10  SCV, Marauder x2  
  109  7:17  Barracks Reactor  
  109  7:18  Barracks Tech Lab  
  109  7:20  Armory  
  109  7:21  Supply Depot  
  109  7:23  SCV x3  
  109  7:26  Supply Depot x2  
  109  7:29  Supply Depot  
  112  7:31  Marine  
  112  7:32  Marauder  
  112  7:35  SCV x3  
  111  7:37  Missile Turret  
  111  7:40  Missile Turret  
  111  7:43  Medivac x2  
  114  7:44  Marine  
  114  7:45  Marauder  
  114  7:47  SCV x3  
  114  7:48  Marauder  
  119  7:59  SCV  
  119  8:00  Command Center, Refinery  
  119  8:05  SCV  
  121  8:06  Supply Depot, Refinery  
  121  8:08  Drilling Claws  
  121  8:09  Widow Mine  
  121  8:10  SCV  
  121  8:12  Terran Infantry Armor Level 2, Terran Infantry Weapons Level 2  
  124  8:15  Marauder, Marine  
  124  8:18  SCV  
  124  8:19  SCV  
  127  8:23  Marauder, Marine  
  127  8:26  SCV  
  131  8:29  Supply Depot  
  131  8:30  SCV  
  131  8:31  SCV  
  133  8:38  Widow Mine  
  133  8:41  SCV, Starport, Ghost Academy  
  136  8:42  SCV  
  136  8:45  Supply Depot, Marine  
  136  8:46  Marauder x2, Marine  
  143  8:52  Medivac x2  
  147  8:55  Marine  
  147  8:56  Marauder  
  147  8:58  Marine  
  151  9:07  Marauder, Widow Mine  
  151  9:08  Marine  
  151  9:09  Marauder  
  159  9:10  SCV x2  
  159  9:13  Enhanced Shockwaves  
  159  9:16  SCV, Marine  
  162  9:18  Marine  
  162  9:22  Medivac  
  162  9:24  SCV  
  169  9:26  Refinery  
  169  9:27  Marine  
  169  9:29  Refinery, Widow Mine  
  163  9:32  Medivac  
  163  9:35  Starport Reactor  
  163  9:37  Ghost  
  163  9:38  SCV, Marine  
  152  9:41  SCV  
  152  9:44  SCV  
  155  9:46  Ghost  
  155  9:47  Marine x3  
  155  9:48  Missile Turret  
  155  9:50  Marauder  
  155  9:51  Viking  
  155  9:52  Barracks x2  
  164  9:54  Barracks  
  164  9:55  Marine  
  164  9:56  Planetary Fortress  
  166  10:02  Viking  
  166  10:03  Widow Mine  
  166  10:05  Marine x3  
  166  10:06  Marauder  
  175  10:11  Marine  
  175  10:13  Command Center  
  175  10:14  Terran Ship Weapons Level 1, Sensor Tower  
  175  10:19  Sensor Tower  
  175  10:21  Marauder, Marine  
  178  10:24  Widow Mine  
  178  10:28  Viking, Marauder  
  182  10:29  Marauder, Fusion Core  
  182  10:32  Viking  
  188  10:37  Medivac  
  190  10:46  Barracks Tech Lab x3  
  190  10:49  Command Center x2  
  190  10:52  Viking  
  192  10:58  Viking  
  192  11:00  Starport  
  192  11:02  Viking  
  196  11:09  Terran Infantry Weapons Level 3  
  196  11:12  Viking  
  198  11:19  Personal Cloaking  
  198  11:22  Viking, Command Center  
  199  11:38  Advanced Ballistics  
  199  11:39  Terran Infantry Armor Level 3  
  197  11:45  Viking x2  
  199  11:54  Command Center  
  199  12:05  Planetary Fortress  
  199  12:06  Orbital Command x2  
  199  12:14  Missile Turret x2  
  199  12:16  Missile Turret  
  199  12:25  Starport Reactor  
  199  12:26  Terran Ship Weapons Level 2  
  199  12:27  Armory  
  196  12:34  Refinery  
  196  12:36  Refinery  
  196  12:42  Barracks  
  195  12:44  Viking  
  195  12:45  Viking  
  195  12:48  Marine  
  198  12:53  Ghost  
  198  12:54  Ghost  
  197  13:03  Liberator  
  198  13:10  Viking  
  177  13:17  Viking x4  
  177  13:19  Nuke  
  177  13:20  Terran Vehicle And Ship Armor Level 1, Rapid Reignition System  
  177  13:32  Starport  
  175  13:40  Viking  
  168  13:46  Viking  
  168  13:47  Viking x4, Marauder x6, Marine x3  
  168  13:48  Marine  
  190  14:08  Marauder  
  192  14:10  Medivac  
  192  14:13  Starport Reactor  
  192  14:14  Marine  
  192  14:15  Marauder  
  192  14:16  Medivac  
  199  14:19  Ghost  
  197  14:34  Medivac  
  197  14:35  Medivac  
  197  14:36  Neosteel Armor  
  197  14:37  Hi-Sec Auto Tracking  
  199  14:38  Nuke  
  199  14:44  Ghost Academy  
  195  15:00  Liberator  
  195  15:04  Marauder  
  198  15:19  Marine x4  
  198  15:27  Viking x2  
  195  15:33  Viking  
  195  15:34  Viking  
  193  15:41  Viking x2  
  195  15:43  Marine  
  195  15:45  Marine x6  
  195  15:46  Marine x2  
  197  16:01  Sensor Tower  
  136  16:04  Viking, Marine  
  197  16:10  Viking  
  194  16:12  Viking  
  194  16:14  Viking, Marine x7  
  195  16:22  Marine  
  178  16:26  Viking, Marine x2  
  178  16:28  Viking  
  178  16:32  Marine x7  
  169  16:34  Viking  
  169  16:36  Siege Tank  
  159  16:40  Marine  
  159  16:44  Marine x2  
  158  16:48  Viking  
  158  16:50  Marine x6  
  158  16:52  Medivac x2  
  166  16:58  Ghost, Marine  
  166  17:00  Planetary Fortress  
  163  17:02  Marine x2  
  163  17:03  Viking  
  163  17:08  Ghost x2, Marine x4, Widow Mine  
  177  17:13  Missile Turret  
  177  17:15  Ghost  
  176  17:20  Medivac, Ghost, Marine  
  182  17:25  Ghost, Marine  
  182  17:27  Ghost  
  164  17:35  Marine  
  164  17:36  Ghost x2, Marine  
  142  17:41  Viking  
  142  17:42  Viking  
  142  17:44  Ghost  
  134  17:45  Viking  
  134  17:48  Ghost, Marine x2  
  134  17:50  Viking  
  141  17:53  Marine  
  141  17:54  Ghost, Marine  
  141  17:56  Marine  
  145  18:05  Marine x3  
  138  18:06  Marine  
  138  18:11  Viking x2, Marine  
  138  18:12  Marine x2  
  139  18:14  Marine  
  139  18:17  Marine  
  125  18:23  Marine x5  
  125  18:27  Viking  
  125  18:28  Viking, Marine  
  125  18:29  Marine  
  125  18:30  Viking, Marine  
  125  18:31  Marine  
  133  18:35  Marine  
  133  18:36  Viking x2  
  133  18:38  Viking  
  133  18:41  Marine x5  
  141  18:45  Orbital Command  
  138  18:53  Viking  
  143  19:15  Marauder x3, Marine  
  145  19:17  Marauder  
  145  19:18  Viking, Marauder  
  145  19:19  Marauder  
  140  19:26  Viking x3  
  140  19:27  Viking  
  140  19:41  Viking  
  140  19:42  Viking  
  140  19:45  Viking  
  130  19:52  Viking  
  130  19:54  Marine  
  130  19:59  Marauder x2, Marine x4  
  139  20:00  Marine  
  139  20:02  Refinery  
  139  20:03  Refinery  
  139  20:07  Marauder  
  139  20:09  Marauder  
  139  20:15  Viking, Marine  
  139  20:18  Marine  
  139  20:19  Marine x2  
  116  20:22  Marine x4  
  114  20:34  Marine  
  107  20:35  Marine  
  107  20:36  Marine  
  107  20:40  Medivac x2  
  107  20:41  Marauder x2  
  111  20:42  Marine  
  111  20:49  Marauder  
  112  20:52  Marine x3  
  115  21:02  Medivac x2  
  105  21:05  Marine  
  105  21:10  Marauder  
  108  21:12  Marine  
  108  21:15  Marine  
  110  21:24  Marauder, Marine  
  113  21:32  Marine  
  119  21:33  Marauder x2  
  119  21:37  Orbital Command  
  122  21:40  Viking x2  
  122  21:42  Marine  
  122  21:45  Marauder  
  122  21:48  Marauder  
  124  21:57  Viking  
  125  22:02  Viking  
  125  22:04  Viking  
  128  22:10  Viking  
  123  22:24  Liberator x2  
  126  22:30  Viking  
  128  22:38  Viking  
  126  22:46  Marine x6  
  126  22:50  Refinery  
  126  22:51  Refinery, Marine x2  
  131  22:52  Marine x2  
Show
View Real Time Build Order
Export as new Build Order

Rail Protoss - Winner!

Build Orders: 1 Gate Expand, Phoenix Opening 

Get SALT Encoding   

  12  0:00  Probe  
  13  0:12  Probe  
  14  0:17  Pylon  
  14  0:24  Probe (Chrono Boost)  
  16  0:37  Probe (Chrono Boost), Gateway  
  16  0:43  Probe (Chrono Boost)  
  16  0:46  Assimilator  
  17  0:53  Probe  
  18  1:05  Probe  
  19  1:17  Probe  
  20  1:24  Cybernetics Core  
  20  1:34  Nexus  
  20  1:41  Pylon  
  20  1:47  Assimilator  
  20  1:50  Probe  
  21  1:57  Adept (Chrono Boost)  
  23  2:02  Probe  
  24  2:14  Stargate  
  24  2:15  Probe  
  25  2:21  Adept  
  27  2:27  Probe  
  27  2:28  Warp Gate  
  28  2:40  Probe  
  29  2:50  Probe, Adept  
  32  2:52  Probe  
  32  2:57  Phoenix (Chrono Boost)  
  32  2:58  Probe  
  35  3:04  Probe  
  37  3:06  Probe  
  37  3:11  Robotics Facility  
  38  3:16  Probe  
  38  3:18  Probe  
  40  3:23  Gateway  
  40  3:27  Phoenix  
  40  3:30  Probe  
  40  3:32  Probe  
  44  3:42  Probe  
  44  3:44  Probe  
  46  3:57  Pylon  
  46  4:02  Pylon  
  46  4:12  Immortal (Chrono Boost)  
  46  4:15  Phoenix  
  54  4:17  Probe x2 (Chrono Boost)  
  54  4:21  Nexus  
  54  4:22  Probe (Chrono Boost)  
  55  4:29  Probe  
  55  4:31  Assimilator  
  54  4:34  Zealot  
  54  4:38  Pylon  
  56  4:40  Phoenix (Chrono Boost)  
  56  4:43  Sentry  
  56  4:45  Probe x2  
  62  4:49  Pylon, Assimilator  
  62  4:55  Pylon  
  62  4:57  Probe, Zealot  
  62  4:59  Probe  
  66  5:02  Phoenix (Chrono Boost)  
  68  5:09  Probe, Zealot  
  72  5:14  Probe, Twilight Council  
  72  5:19  Zealot  
  74  5:23  Phoenix  
  74  5:25  Probe (Chrono Boost)  
  78  5:32  Probe (Chrono Boost), Forge  
  80  5:36  Probe x2 (Chrono Boost)  
  80  5:38  Forge  
  81  5:44  Probe (Chrono Boost)  
  81  5:45  Probe x2 (Chrono Boost)  
  83  5:51  Probe (Chrono Boost)  
  83  5:54  Phoenix  
  83  5:56  Charge  
  88  5:58  Probe (Chrono Boost)  
  88  6:00  Probe (Chrono Boost), Pylon  
  88  6:03  Probe (Chrono Boost)  
  89  6:06  Observer  
  89  6:07  Assimilator  
  89  6:10  Probe x2 (Chrono Boost), Protoss Ground Armor Level 1 (Chrono Boost)  
  89  6:11  Probe (Chrono Boost)  
  93  6:20  Probe  
  93  6:22  Probe  
  93  6:23  Probe  
  93  6:24  Protoss Ground Weapons Level 1 (Chrono Boost)  
  96  6:30  Gateway  
  96  6:31  Nexus  
  96  6:34  Gateway  
  96  6:35  Gateway  
  94  6:40  Probe  
  94  6:41  Pylon  
  94  6:46  Probe, Assimilator  
  96  6:50  Gateway  
  96  6:54  Probe x2  
  95  6:58  Probe  
  96  7:06  Probe x2  
  98  7:10  Probe, Robotics Facility  
  98  7:14  Robotics Bay  
  98  7:15  Zealot x2  
  103  7:18  Probe x2  
  105  7:22  Probe  
  105  7:24  Pylon  
  105  7:25  Sentry  
  108  7:30  Probe  
  108  7:34  Immortal  
  108  7:37  Blink  
  113  7:40  Zealot x2  
  113  7:42  Probe x2  
  119  7:44  Pylon  
  119  7:45  Probe, Pylon  
  118  7:53  Zealot x4  
  118  7:54  Probe  
  124  8:04  Probe  
  124  8:05  Stalker  
  122  8:06  Stalker  
  122  8:08  Probe  
  122  8:09  Colossus (Chrono Boost)  
  131  8:17  Probe  
  131  8:19  Probe  
  139  8:20  Assimilator  
  139  8:21  Assimilator  
  139  8:22  Colossus (Chrono Boost)  
  139  8:23  Pylon  
  139  8:24  Protoss Ground Weapons Level 2 (Chrono Boost)  
  139  8:30  Probe  
  139  8:31  Probe  
  139  8:33  Protoss Ground Armor Level 2 (Chrono Boost)  
  139  8:34  Probe, Photon Cannon  
  142  8:38  Zealot x2  
  146  8:45  Photon Cannon  
  146  8:49  Shield Battery, Sentry, Zealot x3  
  146  8:52  Pylon  
  146  8:53  Pylon  
  146  8:55  Probe, Observer  
  156  9:07  Nexus  
  156  9:08  Colossus  
  162  9:11  Extended Thermal Lance (Chrono Boost), Pylon  
  162  9:16  Observer  
  163  9:19  Zealot x2  
  163  9:23  Zealot x2  
  162  9:33  Probe x2  
  162  9:34  Probe  
  162  9:37  Photon Cannon  
  165  9:41  Templar Archives  
  165  9:43  Fleet Beacon  
  165  9:44  Probe  
  166  9:45  Probe  
  166  9:46  Stargate  
  166  9:50  Pylon  
  167  9:56  Photon Cannon  
  167  9:57  Probe  
  167  9:58  Probe, Photon Cannon  
  167  9:59  Psionic Storm  
  169  10:03  Assimilator  
  169  10:09  Photon Cannon, Assimilator  
  169  10:14  Gateway  
  169  10:15  Probe, Protoss Air Weapons Level 1, Gateway  
  169  10:21  High Templar x2  
  172  10:22  High Templar  
  172  10:24  Observer  
  172  10:25  Probe x2  
  178  10:29  Pylon  
  178  10:32  High Templar  
  178  10:33  Tempest  
  185  10:41  Stalker  
  185  10:42  Zealot  
  189  10:48  Stargate  
  189  10:50  Protoss Ground Weapons Level 3 (Chrono Boost)  
  189  10:51  Stargate  
  189  10:58  Probe  
  190  11:04  Photon Cannon  
  190  11:06  Protoss Shields Level 1 (Chrono Boost)  
  190  11:07  Photon Cannon  
  190  11:10  Nexus  
  190  11:11  Pylon  
  190  11:16  Disruptor  
  193  11:20  Tempest  
  188  11:26  Photon Cannon  
  188  11:28  Photon Cannon  
  188  11:29  Probe x2  
  184  11:34  Tempest  
  184  11:37  Shield Battery  
  187  11:44  Stalker x3  
  187  11:48  High Templar  
  187  11:52  Photon Cannon  
  189  11:54  Photon Cannon  
  189  12:01  Tempest  
  189  12:07  Photon Cannon  
  199  12:20  Photon Cannon  
  199  12:22  Zealot x3, Photon Cannon  
  193  12:26  Assimilator  
  193  12:28  Pylon  
  193  12:29  Tempest  
  193  12:34  Observer  
  199  12:38  Zealot, Observer  
  199  12:40  Zealot x2  
  199  12:41  Zealot  
  194  12:47  Zealot x4  
  194  12:48  Probe  
  194  12:49  Probe  
  190  12:53  Unknown, Tempest  
  183  13:02  Stalker  
  183  13:03  Zealot x3  
  183  13:04  Tempest  
  190  13:08  Tempest  
  189  13:14  Tempest  
  189  13:18  Nexus  
  194  13:22  High Templar  
  194  13:23  High Templar  
  194  13:24  Zealot  
  200  13:38  Protoss Ground Armor Level 3  
  200  13:40  Protoss Air Weapons Level 2 (Chrono Boost)  
  200  13:49  Archon  
  200  13:55  Photon Cannon  
  200  13:56  Photon Cannon  
  194  14:05  Tempest  
  194  14:09  Photon Cannon  
  199  14:11  Probe, Pylon, Photon Cannon  
  199  14:15  Gravitic Boosters  
  194  14:24  Tempest  
  194  14:27  Tempest  
  200  14:34  Immortal  
  199  14:41  Probe  
  199  14:42  Pylon  
  200  14:51  Tempest  
  193  15:00  Tempest  
  197  15:09  High Templar  
  197  15:12  Photon Cannon  
  197  15:13  Photon Cannon, Observer  
  200  15:18  Photon Cannon  
  195  15:21  Tempest  
  195  15:24  Tempest  
  186  15:30  Stalker x2  
  186  15:31  Probe  
  186  15:34  Tempest  
  188  15:43  Tempest  
  191  16:04  Tempest  
  196  16:11  Archon  
  196  16:16  Tempest  
  188  16:19  Tempest  
  179  16:31  Tempest  
  179  16:32  Stalker x2, Sentry  
  168  16:33  Zealot x4, High Templar  
  168  16:34  Disruptor  
  168  16:35  Immortal  
  168  16:37  Protoss Shields Level 2  
  179  16:47  Tempest  
  179  16:53  Stalker  
  179  16:54  Zealot x3  
  188  16:55  Zealot  
  188  16:56  Stalker x2  
  188  16:58  Tempest  
  197  17:05  Protoss Air Weapons Level 3 (Chrono Boost)  
  197  17:08  High Templar  
  197  17:14  Nexus  
  197  17:15  Pylon  
  197  17:17  Stalker  
  197  17:21  Shield Battery  
  199  17:22  Photon Cannon  
  189  17:34  Tempest, Colossus  
  180  17:37  Sentry, Archon, Zealot x3  
  180  17:38  Zealot x2  
  180  17:39  Tempest x2  
  195  17:45  Tempest  
  195  17:50  Photon Cannon  
  198  17:51  Observer  
  198  17:52  Photon Cannon  
  198  17:55  Shield Battery  
  197  18:06  Photon Cannon  
  197  18:07  Photon Cannon  
  197  18:17  Disruptor  
  173  18:23  Zealot x2, High Templar x2  
  173  18:24  Zealot x3  
  185  18:28  Colossus  
  185  18:33  Probe x3  
  188  18:43  High Templar  
  188  18:46  Tempest  
  180  18:51  Zealot x2, High Templar x2  
  180  18:52  Zealot  
  180  18:53  Observer  
  191  18:59  Probe  
  192  19:14  Colossus  
  198  19:22  Probe, Observer  
  198  19:23  Assimilator x2  
  200  19:34  Stalker  
  198  19:45  Tempest  
  193  19:49  Stalker, Zealot x2  
  195  19:53  Stalker x2  
  199  20:04  Protoss Shields Level 3  
  199  20:13  Protoss Air Armor Level 1 (Chrono Boost)  
  195  20:16  Archon  
  195  20:19  Tempest  
  169  20:25  Zealot, High Templar x2  
  169  20:26  Stalker, Zealot x2, Colossus  
  169  20:27  Immortal  
  163  20:29  Tempest  
  163  20:34  Tempest  
  150  20:40  Tempest  
  150  20:41  Stalker, Zealot  
  154  20:51  Stalker x3, High Templar  
  162  20:59  Stalker x2  
  162  21:03  Sentry  
  168  21:04  Stalker  
  168  21:06  Disruptor  
  168  21:07  Pylon  
  168  21:08  Pylon  
  173  21:11  Tempest  
  173  21:13  Stalker, Pylon  
  173  21:14  Stalker  
  173  21:16  Disruptor  
  173  21:17  Observer  
  173  21:18  Stalker, High Templar  
  184  21:19  Stalker  
  191  21:28  Stalker x2  
  191  21:30  Tempest  
  191  21:32  Photon Cannon  
  200  21:33  Shield Battery  
  200  21:58  Pylon  
  200  22:01  Photon Cannon  
  200  22:02  Shield Battery  
  199  22:17  Stalker  
  198  22:29  Disruptor  
  190  22:31  Disruptor  
  190  22:34  Probe x2  
  190  22:37  Photon Cannon  
  192  22:39  High Templar  
  197  22:53  Photon Cannon  
  197  22:54  Photon Cannon  
  189  23:21  Stalker, Zealot  
Tags
 
Add a new tag
Caveats
  • Supply blocks, unpowered buildings, or Contaminate may cause inaccurate times.
  • Supply counts are checked every 10 seconds.